[Event "45th FIDE Olympiad 2024"]
[Site "Budapest"]
[Date "2024.09.14"]
[Round "4.116"]
[White "Do Valle Cardoso, Lucas"]
[Black "Cawdery, Daniel"]
[Result "1/2-1/2"]
[ECO "C63"]
[WhiteElo "2364"]
[BlackElo "2356"]
[Annotator "ChessBase"]
[PlyCount "97"]
[EventDate "2024.09.05"]
[EventType "team-tourn"]
[EventCountry "HUN"]
[SourceTitle "playchess.com"]
[Source "ChessBase"]
[SourceQuality "1"]
[WhiteTeam "Brazil"]
[BlackTeam "South Africa"]
[WhiteTeamCountry "BRA"]
[BlackTeamCountry "RSA"]
[TimeControl "40/5400+30:1800+30"]

1. e4 e5 2. Nf3 Nc6 3. Bb5 f5 4. Nc3 fxe4 5. Nxe4 Nf6 6. Qe2 d5 7. Nxf6+ gxf6 8. d4 Bg7 9. dxe5 O-O 10. Bxc6 bxc6 11. e6 Re8 12. O-O Rxe6 13. Qd3 Re4 14. Be3 Qe8 15. Rfe1 Bf5 16. Nd2 Re5 17. Qc3 c5 18. Qxc5 Bf8 19. Qc3 c5 20. Nf3 d4 21. Nxd4 cxd4 22. Bxd4 Rxe1+ 23. Rxe1 Qf7 24. Bxf6 Rc8 25. Qg3+ Qg6 26. Qb3+ Qf7 27. Qg3+ Qg6 28. c3 Kf7 29. Bd4 Qxg3 30. hxg3 a6 31. f3 Be6 32. b3 Bd6 33. Kf2 a5 34. g4 Ra8 35. Rh1 Kg6 36. Rh5 a4 37. Rb5 axb3 38. axb3 Bf4 39. Ke2 Ra3 40. Rb6 Kf7 41. Rb7+ Ke8 42. Kd3 Rxb3 43. Rxh7 Rb2 44. Ke4 Bd6 45. Rh6 Kf7 46. Rh7+ Ke8 47. Rh6 Kf7 48. f4 Rxg2 49. g5 1/2-1/2

[Event "45th FIDE Olympiad 2024"]
[Site "Budapest"]
[Date "2024.09.14"]
[Round "4.117"]
[White "Arab, Adlane"]
[Black "Makhnev, Denis"]
[Result "1/2-1/2"]
[ECO "E06"]
[WhiteElo "2477"]
[BlackElo "2551"]
[Annotator "TA"]
[PlyCount "82"]
[EventDate "2024.09.05"]
[EventType "team-tourn"]
[EventCountry "HUN"]
[SourceTitle "playchess.com"]
[Source "ChessBase"]
[SourceQuality "1"]
[WhiteTeam "Algeria"]
[BlackTeam "Kazakhstan"]
[WhiteTeamCountry "ALG"]
[BlackTeamCountry "KAZ"]
[TimeControl "40/5400+30:1800+30"]

1. d4 Nf6 2. c4 e6 3. g3 d5 4. Nf3 Be7 5. Bg2 O-O 6. O-O a5 7. Nc3 c6 8. Qc2 b6 9. Rd1 Ba6 10. Ne5 Nfd7 (10... Bxc4 $11 11. Nxc4 dxc4) 11. Nxd7 Nxd7 12. cxd5 cxd5 13. e4 Nf6 14. exd5 Nxd5 15. Nxd5 exd5 16. Bf4 Rc8 {Wards off Bc7} 17. Qf5 Bc4 18. Qg4 Re8 19. b3 Ba6 20. Qf5 Bf6 21. Rac1 (21. Bxd5 $2 {perishes.} g6 22. Bxf7+ Kxf7 $19) 21... Rxc1 {The position is equal.} 22. Rxc1 g6 23. Qxd5 Bxd4 24. Qxd8 Rxd8 25. Bf1 Bxf1 26. Kxf1 $11 {[%mdl 4096] Endgame. KRB-KRB} Bc5 27. Ke2 Kg7 28. Be3 Re8 29. Rc3 Kf6 30. Kf3 Bxe3 {KRB-KR} 31. Rc6+ Ke5 32. fxe3 {KR-KR} Re6 33. Rc7 Rf6+ 34. Ke2 Kd6 35. Rc4 Rf5 36. Rd4+ Rd5 37. Rh4 h5 38. Rf4 Ke6 39. Rc4 Kd6 40. Rf4 Ke6 41. Rc4 Ke5 {Weighted Error Value: White=0.06 (flawless) /Black=0.05 (flawless) .  Mistake:       	---       	Black=1      Inaccurate:     	White=2     	Black=1      OK:         	White=15    	Black=20     Best:        	White=1     	---} 1/2-1/2

[Event "45th FIDE Olympiad 2024"]
[Site "Budapest"]
[Date "2024.09.14"]
[Round "4.118"]
[White "Nogerbek, Kazybek"]
[Black "Djabri, Massinas"]
[Result "1/2-1/2"]
[ECO "B92"]
[WhiteElo "2519"]
[BlackElo "2280"]
[Annotator "ChessBase"]
[PlyCount "91"]
[EventDate "2024.09.05"]
[EventType "team-tourn"]
[EventCountry "HUN"]
[SourceTitle "playchess.com"]
[Source "ChessBase"]
[SourceQuality "1"]
[WhiteTeam "Kazakhstan"]
[BlackTeam "Algeria"]
[WhiteTeamCountry "KAZ"]
[BlackTeamCountry "ALG"]
[TimeControl "40/5400+30:1800+30"]

1. e4 c5 2. Nf3 d6 3. d4 cxd4 4. Nxd4 Nf6 5. Nc3 a6 6. Be2 e5 7. Nb3 Be7 8. h4 Be6 9. f4 d5 10. fxe5 Nxe4 11. Nxe4 dxe4 12. Qxd8+ Kxd8 13. Nd4 Bd7 14. O-O Ke8 15. Bc4 Rf8 16. Be3 Nc6 17. Nxc6 Bxc6 18. Rf4 f6 19. exf6 Rxf6 20. Raf1 Rxf4 21. Rxf4 Bf6 22. c3 Rd8 23. Bb3 Kd7 24. h5 h6 25. Rf5 Re8 26. g4 b5 27. Kf2 a5 28. Rxf6 gxf6 29. Bxh6 a4 30. Bf7 Ke7 31. Bxe8 Bxe8 32. Bf4 Bf7 33. h6 Kf8 34. a3 Be6 35. g5 fxg5 36. Bxg5 Bc4 37. Ke3 Bd3 38. Kd4 Kg8 39. Bc1 Kh7 40. Kc5 Kg6 41. Kb4 Bc4 42. Bd2 Kh7 43. Kc5 Kg6 44. Kd4 Bd3 45. c4 Bxc4 46. Kxe4 1/2-1/2

[Event "45th FIDE Olympiad 2024"]
[Site "Budapest"]
[Date "2024.09.14"]
[Round "4.119"]
[White "Brahami, Lamine"]
[Black "Suleymenov, Alisher"]
[Result "0-1"]
[ECO "A40"]
[WhiteElo "2188"]
[BlackElo "2484"]
[Annotator "ChessBase"]
[PlyCount "114"]
[EventDate "2024.09.05"]
[EventType "team-tourn"]
[EventCountry "HUN"]
[SourceTitle "playchess.com"]
[Source "ChessBase"]
[SourceQuality "1"]
[WhiteTeam "Algeria"]
[BlackTeam "Kazakhstan"]
[WhiteTeamCountry "ALG"]
[BlackTeamCountry "KAZ"]
[TimeControl "40/5400+30:1800+30"]

1. d4 e6 2. c4 b6 3. Nc3 Bb7 4. e4 Bb4 5. Qc2 Qh4 6. d5 f5 7. exf5 exd5 8. cxd5 Nf6 9. Nf3 Qe4+ 10. Qxe4+ Nxe4 11. Bd2 Nxd2 12. Kxd2 Bxd5 13. Nd4 Nc6 14. Nc2 Ba5 15. Re1+ Kf8 16. a3 Bb3 17. Bb5 a6 18. Bxc6 dxc6 19. Nd4 Rd8 20. Ke3 Bxc3 21. bxc3 Bd5 22. Kf4 Kf7 23. Ne6 Rd6 24. Ng5+ Kf6 25. f3 Rd7 26. Re3 h6 27. h4 Rg8 28. Rhe1 g6 29. Re6+ Bxe6 30. Rxe6+ Kg7 31. Rxg6+ Kf8 32. Rxh6 Ke8 33. g4 Rd3 34. Ne4 Rf8 35. Re6+ Kd7 36. g5 Rxf3+ 37. Kg4 R8xf5 38. Re5 R3f4+ 39. Kg3 Rf3+ 40. Kg4 R5f4+ 41. Kh5 Rh3 42. Kg6 Rfxh4 43. Kf6 Rf4+ 44. Kg7 Rhf3 45. Nf6+ Kd6 46. Re8 Rf5 47. Kg6 Ra5 48. Rd8+ Ke5 49. Kg7 Rxa3 50. Re8+ Kf5 51. Nh7 Raxc3 52. g6 Rg3 53. Rf8+ Ke6 54. Re8+ Kf5 55. Rf8+ Ke5 56. Nf6 Rcf3 57. Re8+ Kf5 0-1

[Event "45th FIDE Olympiad 2024"]
[Site "Budapest"]
[Date "2024.09.14"]
[Round "4.120"]
[White "Ansat, Aldiyar"]
[Black "Bengherabi, Khalil"]
[Result "1-0"]
[ECO "B57"]
[WhiteElo "2457"]
[BlackElo "2076"]
[Annotator "ChessBase"]
[PlyCount "47"]
[EventDate "2024.09.05"]
[EventType "team-tourn"]
[EventCountry "HUN"]
[SourceTitle "playchess.com"]
[Source "ChessBase"]
[SourceQuality "1"]
[WhiteTeam "Kazakhstan"]
[BlackTeam "Algeria"]
[WhiteTeamCountry "KAZ"]
[BlackTeamCountry "ALG"]
[TimeControl "40/5400+30:1800+30"]

1. e4 c5 2. Nf3 d6 3. Nc3 Nf6 4. Bc4 Nc6 5. d4 cxd4 6. Nxd4 g6 7. Nxc6 bxc6 8. e5 Nd7 9. exd6 exd6 10. O-O Ne5 11. Be2 Be7 12. Bh6 f6 13. Re1 d5 14. f4 Nf7 15. Bg7 Rg8 16. Bb5 Qb6+ 17. Kh1 Rxg7 18. Nxd5 Qxb5 19. Nc7+ Kf8 20. Nxb5 cxb5 21. Qd5 Rb8 22. Rxe7 Kxe7 23. Re1+ Kf8 24. Qc5+ 1-0

[Event "45th FIDE Olympiad 2024"]
[Site "Budapest"]
[Date "2024.09.14"]
[Round "4.121"]
[White "Mandizha, Farai"]
[Black "Garcia Pantoja, Roberto"]
[Result "0-1"]
[ECO "D02"]
[WhiteElo "2371"]
[BlackElo "2550"]
[Annotator "TA"]
[PlyCount "199"]
[EventDate "2024.09.05"]
[EventType "team-tourn"]
[EventCountry "HUN"]
[SourceTitle "playchess.com"]
[Source "ChessBase"]
[SourceQuality "1"]
[WhiteTeam "Zimbabwe"]
[BlackTeam "Colombia"]
[WhiteTeamCountry "ZIM"]
[BlackTeamCountry "COL"]
[TimeControl "40/5400+30:1800+30"]

1. d4 d5 2. Nf3 Nf6 3. g3 c6 4. Bg2 Bf5 5. Nh4 Be4 6. f3 {D02: 1 d4 d5 2 Nf3 sidelines, including 2...Nf6 3 g3 and 2...Nf6 3 Bf4.} Bg6 7. O-O e6 8. Nxg6 hxg6 9. e4 Be7 10. c3 c5 $146 ({Predecessor:} 10... Qb6 11. a4 a5 12. Na3 Na6 13. exd5 cxd5 14. Qd3 O-O 15. Kh1 Nc7 16. Bf4 Bd6 17. Bxd6 Qxd6 {0-1 Balshan,A (2430)-Zilber,I (2410) Ramat Hasharon 1979 (5)}) 11. Be3 Nc6 12. dxc5 dxe4 13. Qe2 Nd5 14. Bf2 e3 15. Bxe3 Nxe3 16. Qxe3 Qd5 17. b4 Nxb4 18. cxb4 Bf6 19. Nc3 Qd4 20. Qxd4 Bxd4+ 21. Kh1 Bxc3 22. Rab1 O-O-O 23. Rb3 Bd2 24. f4 Rd4 25. b5 b6 26. cxb6 axb6 27. Rd1 Rhd8 28. Bf3 Kc7 29. Kg2 Bb4 30. Rxd4 Rxd4 31. Rb2 Kd6 32. Bc6 Bc5 33. Be8 Ke7 34. Bc6 Rd3 35. Rc2 Ra3 36. Rd2 Bd6 37. Re2 Rd3 38. Be4 Rd4 39. Bc6 Kf6 40. Be8 Bc5 41. h4 Rd3 42. Bc6 Ke7 43. Be4 Rd4 44. Bc6 f5 45. Bb7 Rd3 46. Bc8 Be3 (46... Re3 $11 47. Rxe3 Bxe3) 47. Kf3 (47. Bxe6 $1 $14 Kxe6 48. Kf3) 47... Bd4+ $11 48. Kg2 e5 49. fxe5 Rc3 50. Bb7 Ke6 51. Bf3 Bxe5 52. Rd2 Kf6 53. Re2 Rc5 54. Bc6 g5 55. hxg5+ Kxg5 56. Bd7 g6 57. a4 Kf6 58. g4 fxg4 59. Bxg4 Rc4 60. Bf3 Rxa4 61. Bc6 Rb4 62. Re4 Rb3 63. Rc4 g5 64. Bd7 Ke7 65. Bc6 Bf4 66. Re4+ Kd6 67. Rc4 Ke5 68. Re4+ Kf5 69. Re8 Rb2+ 70. Kf1 Be5 71. Rf8+ Bf6 72. Bd7+ Kg6 73. Be8+ $1 Kf5 (73... Kg7 $5 74. Rf7+ $8 Kg6 $11) 74. Bd7+ Ke5 75. Rb8 Rd2 76. Bc6 Bd8 77. Rb7 Ke6 78. Bf3 Kf5 79. Bc6 Rb2 ({Better is} 79... g4 $15) 80. Rb8 $1 $11 Bc7 81. Rb7 $1 Bd8 82. Rb8 $1 Rd2 (82... Be7 $11) 83. Rb7 $1 $15 Rh2 84. Rb8 Bc7 85. Rf8+ Ke5 86. Rf2 Rh4 87. Re2+ Kd4 88. Rd2+ Kc3 89. Rd7 Be5 90. Rd5 Bf4 91. Rf5 Kc4 92. Rf6 Rh2 93. Rf5 Rb2 94. Bd7 Be3 95. Bc6 g4 96. Re5 {[#]} Kd3 $1 97. Re8 $2 (97. Rd5+ $17 Kc3 98. Re5) 97... Rf2+ $19 98. Kg1 g3 99. Re4 Rh2+ 100. Kf1 0-1

[Event "45th FIDE Olympiad 2024"]
[Site "Budapest"]
[Date "2024.09.14"]
[Round "4.122"]
[White "Cardoso Cardoso, Jose Gabriel"]
[Black "Makoto, Rodwell"]
[Result "1-0"]
[ECO "C88"]
[WhiteElo "2508"]
[BlackElo "2311"]
[Annotator "ChessBase"]
[PlyCount "69"]
[EventDate "2024.09.05"]
[EventType "team-tourn"]
[EventCountry "HUN"]
[SourceTitle "playchess.com"]
[Source "ChessBase"]
[SourceQuality "1"]
[WhiteTeam "Colombia"]
[BlackTeam "Zimbabwe"]
[WhiteTeamCountry "COL"]
[BlackTeamCountry "ZIM"]
[TimeControl "40/5400+30:1800+30"]

1. e4 e5 2. Nf3 Nc6 3. Bb5 a6 4. Ba4 Nf6 5. O-O Be7 6. Re1 b5 7. Bb3 O-O 8. a4 Bb7 9. d3 d6 10. Bd2 Nd7 11. Nc3 Nc5 12. Bd5 b4 13. Ne2 b3 14. a5 Rb8 15. Bc3 Na7 16. Bc4 c6 17. Ng3 d5 18. Bxb3 Nxb3 19. cxb3 d4 20. Bd2 f6 21. Nh4 Bc8 22. Nhf5 g6 23. Nxe7+ Qxe7 24. b4 c5 25. Rc1 cxb4 26. Bh6 Re8 27. f4 Be6 28. f5 Bf7 29. Qg4 Rec8 30. fxg6 hxg6 31. Nf5 Qd7 32. Qh4 Be6 33. Qxf6 gxf5 34. Qg6+ Kh8 35. Bg5 1-0

[Event "45th FIDE Olympiad 2024"]
[Site "Budapest"]
[Date "2024.09.14"]
[Round "4.123"]
[White "Mushore, Emarald Takudzwa"]
[Black "Avila Pavas, Santiago"]
[Result "0-1"]
[ECO "B35"]
[WhiteElo "2150"]
[BlackElo "2485"]
[Annotator "ChessBase"]
[PlyCount "68"]
[EventDate "2024.09.05"]
[EventType "team-tourn"]
[EventCountry "HUN"]
[SourceTitle "playchess.com"]
[Source "ChessBase"]
[SourceQuality "1"]
[WhiteTeam "Zimbabwe"]
[BlackTeam "Colombia"]
[WhiteTeamCountry "ZIM"]
[BlackTeamCountry "COL"]
[TimeControl "40/5400+30:1800+30"]

1. e4 c5 2. Nf3 Nc6 3. d4 cxd4 4. Nxd4 g6 5. Nc3 Bg7 6. Be3 Nf6 7. Bc4 O-O 8. Bb3 d5 9. exd5 Na5 10. h3 Nxb3 11. Nxb3 b5 12. O-O b4 13. Ne2 Nxd5 14. Bd4 e5 15. Bc5 Re8 16. a3 Bb7 17. Ng3 a5 18. axb4 axb4 19. Re1 Rxa1 20. Qxa1 Nf4 21. Rd1 Qc8 22. Qa7 Bxg2 23. Qd7 Bf3 24. Qxc8 Rxc8 25. Rd2 Bh6 26. Bxb4 Nxh3+ 27. Kh2 Bxd2 28. Nxd2 Bg4 29. Nge4 f5 30. Nd6 Rxc2 31. f3 Ng5 32. fxg4 Nf3+ 33. Kg3 Nxd2 34. gxf5 Rxb2 0-1

[Event "45th FIDE Olympiad 2024"]
[Site "Budapest"]
[Date "2024.09.14"]
[Round "4.124"]
[White "Valderrama Quiceno, Esteban Alb"]
[Black "Mapuranga, Vitalis"]
[Result "1-0"]
[ECO "C10"]
[WhiteElo "2418"]
[BlackElo "2013"]
[Annotator "ChessBase"]
[PlyCount "117"]
[EventDate "2024.09.05"]
[EventType "team-tourn"]
[EventCountry "HUN"]
[SourceTitle "playchess.com"]
[Source "ChessBase"]
[SourceQuality "1"]
[WhiteTeam "Colombia"]
[BlackTeam "Zimbabwe"]
[WhiteTeamCountry "COL"]
[BlackTeamCountry "ZIM"]
[TimeControl "40/5400+30:1800+30"]

1. e4 e6 2. d4 d5 3. Nd2 dxe4 4. Nxe4 Bd7 5. Nf3 Bc6 6. Bd3 Nd7 7. O-O Ngf6 8. Ned2 Be7 9. Re1 b6 10. Ne5 Bb7 11. Bb5 Qc8 12. Ne4 c6 13. Nxf7 Nxe4 14. Nxh8 cxb5 15. Qh5+ g6 16. Qxh7 Nf8 17. Qf7+ Kd7 18. Bf4 g5 19. Be5 Qe8 20. f3 Qxf7 21. Nxf7 Ke8 22. Nh6 Nf6 23. c3 Rc8 24. Nf5 Nd5 25. Nd6+ Bxd6 26. Bxd6 Kd7 27. Bxf8 Rxf8 28. Re5 Rg8 29. h3 a6 30. a4 bxa4 31. Rxa4 Ne7 32. Kf2 Nc6 33. Re4 Rf8 34. Rg4 Rf5 35. h4 gxh4 36. Rg7+ Ne7 37. Rh7 Rf4 38. Ra1 h3 39. Rxh3 Rf7 40. Rah1 Be4 41. Rh8 b5 42. Ke2 Bc6 43. R1h7 Rxh7 44. Rxh7 a5 45. g4 a4 46. Rh6 Bd5 47. Ke3 Ke8 48. Kf4 Nc6 49. Kg5 Bxf3 50. Rxe6+ Kd7 51. Re3 Bd5 52. Kf6 Kd6 53. g5 b4 54. cxb4 Nxb4 55. g6 Nc6 56. g7 Nxd4 57. Ra3 Nb5 58. Rd3 Nc7 59. g8=Q 1-0

[Event "45th FIDE Olympiad 2024"]
[Site "Budapest"]
[Date "2024.09.14"]
[Round "4.125"]
[White "Mwali, Chitumbo"]
[Black "Stefansson, Vignir Vatnar"]
[Result "0-1"]
[ECO "A20"]
[WhiteElo "2312"]
[BlackElo "2531"]
[Annotator "ChessBase"]
[PlyCount "50"]
[EventDate "2024.09.05"]
[EventType "team-tourn"]
[EventCountry "HUN"]
[SourceTitle "playchess.com"]
[Source "ChessBase"]
[SourceQuality "1"]
[WhiteTeam "Zambia"]
[BlackTeam "Iceland"]
[WhiteTeamCountry "ZAM"]
[BlackTeamCountry "ISL"]
[TimeControl "40/5400+30:1800+30"]

1. c4 e5 2. g3 h5 3. h4 Nc6 4. Bg2 Bc5 5. Nc3 d6 6. a3 a5 7. d3 Bg4 8. Nf3 Qd7 9. Nd5 Nge7 10. Ne3 Bxe3 11. Bxe3 O-O 12. Nh2 Bf5 13. Bf3 Bg6 14. g4 hxg4 15. Bxg4 f5 16. Bh3 Bh5 17. Rg1 Qe8 18. Bh6 Ng6 19. Qd2 Nd4 20. Qg5 Nxe2 21. Kd2 Nef4 22. Bg2 e4 23. dxe4 Qe5 24. Kc2 Qd4 25. Rac1 Qd3# 0-1

[Event "45th FIDE Olympiad 2024"]
[Site "Budapest"]
[Date "2024.09.14"]
[Round "4.126"]
[White "Kjartansson, Gudmundur"]
[Black "Kayonde, Andrew"]
[Result "1-0"]
[ECO "B10"]
[WhiteElo "2478"]
[BlackElo "2338"]
[Annotator "ChessBase"]
[PlyCount "37"]
[EventDate "2024.09.05"]
[EventType "team-tourn"]
[EventCountry "HUN"]
[SourceTitle "playchess.com"]
[Source "ChessBase"]
[SourceQuality "1"]
[WhiteTeam "Iceland"]
[BlackTeam "Zambia"]
[WhiteTeamCountry "ISL"]
[BlackTeamCountry "ZAM"]
[TimeControl "40/5400+30:1800+30"]

1. e4 c6 2. Nf3 d5 3. d3 Qc7 4. Nc3 dxe4 5. dxe4 e5 6. Bc4 Bg4 7. h3 Bh5 8. g4 Bg6 9. Nh4 Nd7 10. Qf3 Nc5 11. Bd2 b5 12. Nxb5 cxb5 13. Bxb5+ Ke7 14. Nxg6+ hxg6 15. O-O-O Rb8 16. Bc4 Ne6 17. Qa3+ Qc5 18. Qa4 g5 19. Bxg5+ 1-0

[Event "45th FIDE Olympiad 2024"]
[Site "Budapest"]
[Date "2024.09.14"]
[Round "4.127"]
[White "Mulenga, Prince Daniel"]
[Black "Stefansson, Hannes"]
[Result "0-1"]
[ECO "A50"]
[WhiteElo "2184"]
[BlackElo "2471"]
[Annotator "ChessBase"]
[PlyCount "110"]
[EventDate "2024.09.05"]
[EventType "team-tourn"]
[EventCountry "HUN"]
[SourceTitle "playchess.com"]
[Source "ChessBase"]
[SourceQuality "1"]
[WhiteTeam "Zambia"]
[BlackTeam "Iceland"]
[WhiteTeamCountry "ZAM"]
[BlackTeamCountry "ISL"]
[TimeControl "40/5400+30:1800+30"]

1. d4 Nf6 2. c4 b6 3. Nc3 Bb7 4. Nf3 g6 5. g3 Bg7 6. Bg2 O-O 7. O-O Ne4 8. Bd2 d6 9. Rc1 Nd7 10. d5 Nxd2 11. Qxd2 c5 12. dxc6 Bxc6 13. Nd4 Bxg2 14. Kxg2 Qc8 15. b3 Qb7+ 16. f3 a6 17. Rfd1 Rfe8 18. e4 Rad8 19. h4 h5 20. Rc2 Ne5 21. Rcc1 Rd7 22. Rc2 Rc8 23. Qe2 e6 24. a4 Bh6 25. f4 Ng4 26. Nf3 Bg7 27. Rd3 Re8 28. Rcd2 Qc6 29. e5 Red8 30. Qe4 Qc5 31. Qe2 Qc7 32. exd6 Rxd6 33. Rxd6 Rxd6 34. Rxd6 Qxd6 35. Ne4 Qa3 36. Qd3 Qb2+ 37. Ned2 Bf6 38. Qb1 Qc3 39. Ne4 Qe3 40. Nxf6+ Nxf6 41. Qd1 Kg7 42. Ne5 Ne4 43. Qf3 Qd2+ 44. Kg1 Qd4+ 45. Kg2 a5 46. Qe2 Nc5 47. Nf3 Qc3 48. Qf2 Kf6 49. Ng5 Ke7 50. Qe2 Qxb3 51. Qe5 Qc2+ 52. Kg1 Qd1+ 53. Kg2 f6 54. Qc7+ Nd7 55. Ne4 Qc2+ 0-1

[Event "45th FIDE Olympiad 2024"]
[Site "Budapest"]
[Date "2024.09.14"]
[Round "4.128"]
[White "Heimisson, Hilmir Freyr"]
[Black "Kaoma, Micheal"]
[Result "1-0"]
[ECO "B45"]
[WhiteElo "2391"]
[BlackElo "2161"]
[Annotator "ChessBase"]
[PlyCount "93"]
[EventDate "2024.09.05"]
[EventType "team-tourn"]
[EventCountry "HUN"]
[SourceTitle "playchess.com"]
[Source "ChessBase"]
[SourceQuality "1"]
[WhiteTeam "Iceland"]
[BlackTeam "Zambia"]
[WhiteTeamCountry "ISL"]
[BlackTeamCountry "ZAM"]
[TimeControl "40/5400+30:1800+30"]

1. e4 c5 2. Nc3 Nc6 3. Nf3 e6 4. d4 cxd4 5. Nxd4 Nf6 6. Be2 Bb4 7. O-O Qc7 8. Ndb5 Qb8 9. Be3 b6 10. f4 O-O 11. e5 Ne8 12. Qe1 d5 13. Rf3 a6 14. Nd4 Nxd4 15. Bxd4 Bc5 16. Rd1 f5 17. Na4 Bxd4+ 18. Rxd4 Bd7 19. Qh4 Bxa4 20. Rxa4 b5 21. Raa3 Rf7 22. Rh3 g6 23. Rac3 Qb6+ 24. Qf2 d4 25. Rhd3 Rd8 26. Bf3 Nc7 27. Rc6 Qa5 28. a3 b4 29. Qd2 Nd5 30. Rxd4 Qb5 31. Bxd5 exd5 32. Rd6 Rxd6 33. exd6 bxa3 34. bxa3 Qc5 35. Qb4 Qxc2 36. Rxd5 Rd7 37. h3 a5 38. Qe1 Kf7 39. Re5 Qc6 40. Re7+ Kf8 41. Qe5 Rxe7 42. Qh8+ Kf7 43. Qxh7+ Ke6 44. Qxe7+ Kd5 45. Qe5+ Kc4 46. Kh2 a4 47. Qe7 1-0

[Event "45th FIDE Olympiad 2024"]
[Site "Budapest"]
[Date "2024.09.14"]
[Round "4.129"]
[White "Henriquez Villagra, Cristobal"]
[Black "Santos Flores, Alberto"]
[Result "1-0"]
[ECO "C02"]
[WhiteElo "2604"]
[BlackElo "2168"]
[Annotator "TA"]
[PlyCount "73"]
[EventDate "2024.09.05"]
[EventType "team-tourn"]
[EventCountry "HUN"]
[SourceTitle "playchess.com"]
[Source "ChessBase"]
[SourceQuality "1"]
[WhiteTeam "Chile"]
[BlackTeam "Ecuador"]
[WhiteTeamCountry "CHI"]
[BlackTeamCountry "ECU"]
[TimeControl "40/5400+30:1800+30"]

1. e4 e6 2. d4 d5 3. e5 c5 4. c3 Qb6 5. Nf3 Nc6 6. Bd3 cxd4 7. O-O Bd7 8. Re1 a6 9. Nbd2 {The position is equal.} dxc3 10. bxc3 Bc5 11. Qe2 Na5 12. Rb1 {Against Bb5} Qa7 13. Nd4 Ne7 14. N2b3 (14. Qg4 {keeps more tension.} Kf8 15. Re3 Kg8 16. h4) 14... Nxb3 15. Nxb3 Bb6 16. Ba3 Ng6 17. g3 {Prevents Nf4} Ba4 (17... Rc8 $11) 18. h4 Bxb3 19. axb3 Bc5 20. b4 {[%mdl 1024] White has strong compensation.} Bb6 21. Rb3 (21. Kg2 $16) 21... Ne7 (21... Nxe5 $11 22. Qxe5 Bxf2+ 23. Kg2 Bxe1 24. Qxe1 O-O) 22. b5 {[#] Black must now prevent bxa6.} a5 23. Qg4 {White is much more active.} (23. Rc1 $16) 23... Kf8 $2 (23... Bxf2+ $11 24. Kg2 Qb6 (24... Bxe1 $2 25. b6 $18)) 24. Bxe7+ (24. Rb2 $142) 24... Kxe7 $16 {Black is weak on the light squares} 25. Qxg7 {Threatens to win with Qf6+.} Rag8 {Loses the game.} (25... Bxf2+ $2 {loses.} 26. Kf1 Rhd8 (26... Bxe1 $2 27. b6 $18) 27. Qf6+ Kf8 28. Qxf2 $18) (25... Rhg8 $16 {was worth a try.} 26. Qf6+ (26. Qxh7 $2 {is the wrong capture.} Bxf2+ 27. Kf1 Bxe1 $19) 26... Kf8) 26. Qf6+ $18 Ke8 (26... Kd7 $142 27. Qxf7+ Kd8) 27. Kf1 {Strongly threatening c4.} Qb8 $2 (27... a4 28. Rb4 a3) 28. c4 {And now cxd5 would win.} d4 (28... Qd8 $142 29. Qf3 Bd4 30. cxd5 Qxd5) 29. c5 Bxc5 (29... Bd8 $142) 30. b6 {aiming for Bb5+.} h5 31. Rc1 Be7 32. Qf3 Bd8 {[#]} 33. Rc7 $1 Rg7 (33... Bxc7 34. bxc7) 34. Rxb7 {White mates.} Qxe5 35. Qc6+ Kf8 36. Rd7 Qb8 37. Qc5+ {Weighted Error Value: White=0.34/Black=0.62.  Mistake:       	White=3     	Black=8      Inaccurate:     	White=1     	Black=2      OK:         	White=8     	Black=5      Best:        	White=4     	---} 1-0

[Event "45th FIDE Olympiad 2024"]
[Site "Budapest"]
[Date "2024.09.14"]
[Round "4.130"]
[White "Noboa Silva, Kevin"]
[Black "Salinas Herrera, Pablo"]
[Result "1/2-1/2"]
[ECO "D35"]
[WhiteElo "2270"]
[BlackElo "2479"]
[Annotator "ChessBase"]
[PlyCount "160"]
[EventDate "2024.09.05"]
[EventType "team-tourn"]
[EventCountry "HUN"]
[SourceTitle "playchess.com"]
[Source "ChessBase"]
[SourceQuality "1"]
[WhiteTeam "Ecuador"]
[BlackTeam "Chile"]
[WhiteTeamCountry "ECU"]
[BlackTeamCountry "CHI"]
[TimeControl "40/5400+30:1800+30"]

1. d4 d5 2. c4 e6 3. Nc3 Nf6 4. cxd5 exd5 5. Bg5 c6 6. e3 h6 7. Bh4 Be7 8. Bd3 O-O 9. Nge2 Re8 10. O-O Nbd7 11. f3 b5 12. Bf2 a5 13. Ng3 b4 14. Nce2 c5 15. dxc5 Bxc5 16. Nd4 Qb6 17. Nge2 Ba6 18. Bxa6 Qxa6 19. Nf4 Ne5 20. Rc1 Bf8 21. b3 Rac8 22. Qe2 Qa8 23. Nd3 Ned7 24. Qd2 Qa6 25. Rfd1 g6 26. Ne2 Bg7 27. Ndf4 Ne5 28. Rxc8 Rxc8 29. Rc1 Rxc1+ 30. Nxc1 Qc6 31. Nce2 g5 32. Nd4 Qa6 33. Nfe2 g4 34. Bg3 gxf3 35. gxf3 Nfd7 36. Qc2 Bf8 37. Kg2 Nd3 38. Qc6 Qxc6 39. Nxc6 Bc5 40. Bf2 N7e5 41. Nxe5 Nxe5 42. Nf4 Kf8 43. Nxd5 Nd3 44. Bg3 Nc1 45. Bc7 Nxa2 46. Bxa5 f5 47. Kf1 Kf7 48. Ke1 Nc1 49. Kd1 Nxb3 50. Bxb4 Bxb4 51. Nxb4 Kg6 52. Nd3 Na5 53. Ke2 Nc6 54. Kf2 Ne7 55. Kg3 Kf6 56. Nf4 Kg5 57. h3 Kf6 58. Kh4 Kf7 59. Kh5 Kg7 60. Ne6+ Kh7 61. Nd4 Kg7 62. h4 Kh7 63. e4 Ng8 64. e5 Ne7 65. f4 Kg7 66. Ne6+ Kh7 67. Ng5+ Kg7 68. Nf7 Nd5 69. Nxh6 Nxf4+ 70. Kg5 Ne6+ 71. Kxf5 Nd4+ 72. Ke4 Ne6 73. Nf5+ Kg6 74. Ng3 Kf7 75. Ne2 Nc5+ 76. Kd5 Ne6 77. Nd4 Ng7 78. Kd6 Kg6 79. e6 Kh5 80. Ke5 Nxe6 1/2-1/2

[Event "45th FIDE Olympiad 2024"]
[Site "Budapest"]
[Date "2024.09.14"]
[Round "4.131"]
[White "Vasquez Schroeder, Rodrigo"]
[Black "Mieles Palau, Daniel"]
[Result "1/2-1/2"]
[ECO "B36"]
[WhiteElo "2457"]
[BlackElo "2321"]
[Annotator "ChessBase"]
[PlyCount "83"]
[EventDate "2024.09.05"]
[EventType "team-tourn"]
[EventCountry "HUN"]
[SourceTitle "playchess.com"]
[Source "ChessBase"]
[SourceQuality "1"]
[WhiteTeam "Chile"]
[BlackTeam "Ecuador"]
[WhiteTeamCountry "CHI"]
[BlackTeamCountry "ECU"]
[TimeControl "40/5400+30:1800+30"]

1. Nf3 c5 2. c4 g6 3. e4 Nc6 4. d4 cxd4 5. Nxd4 Nf6 6. Nc3 d6 7. f3 Nxd4 8. Qxd4 Bg7 9. Be3 O-O 10. Qd2 Be6 11. Nb5 a5 12. Rc1 a4 13. Be2 Nd7 14. Kf2 Qa5 15. Rhd1 Rfc8 16. Nd4 Nc5 17. Bf1 Qxd2+ 18. Rxd2 Na6 19. b3 axb3 20. axb3 Nc5 21. Rb1 Ra3 22. Nxe6 Nxe6 23. g3 Rca8 24. Rdd1 Ra2+ 25. Kg1 Rc2 26. Rd3 Raa2 27. b4 Rxc4 28. Rxd6 Rc3 29. Rd2 Rxd2 30. Bxd2 Rxf3 31. Kg2 Ra3 32. Bc4 Nd4 33. b5 e6 34. b6 Bf8 35. Rb2 h5 36. Bf4 Bc5 37. Be5 Nf3 38. Bf6 g5 39. Rb5 Be3 40. Be2 Nd4 41. Bxd4 Bxd4 42. Rxg5+ 1/2-1/2